 Dungeon Crawl Stone Soup version 0.29-a0-824-gd827844252 (webtiles) character file.

Game seed: 16675394393687304765

25123 coolguy69 the Slicer (level 13, -1/70 HPs)
             Began as a Vine Stalker Monk on July 10, 2022.
             Was the Champion of Okawaru.
             Slain by a catoblepas (18 damage)
             ... on level 4 of the Lair of Beasts.
             The game lasted 00:18:51 (11774 turns).

coolguy69 the Slicer (Vine Stalker Monk)           Turns: 11774, Time: 00:18:51

Health: -1/70      AC: 21    Str: 23    XL:     13   Next: 17%
Magic:  0/15       EV: 16    Int: 12    God:    Okawaru [******]
Gold:   1384       SH:  0    Dex: 17    Spells: 12/12 levels left

rFire   + . .      SeeInvis .   m - +7 quick blade
rCold   + . .      Faith    +   (no shield)
rNeg    . . .      Spirit   +   G - +0 swamp dragon scales
rPois   +          Reflect  .   j - +2 helmet
rElec   .          Harm     .   E - scarf {rC+ rF+}
rCorr   +          Rampage  .   z - +0 pair of gloves
Will    +....                   A - +2 pair of boots of Rilink {Regen+ rCorr Str+4 Int+2}
Stlth   ++++......              a - amulet of faith
HPRegen 1.81/turn               k - +4 ring of protection
MPRegen 0.14/turn               p - +4 ring of slaying

@: about to teleport
A: fangs 3, regeneration 1, magic shield, antimagic bite, no potion heal 2
a: Renounce Religion, Heroism, Finesse, Duel


You were on level 4 of the Lair of Beasts.
You worshipped Okawaru.
Okawaru was exalted by your worship.
You visited 3 branches of the dungeon, and saw 15 of its levels.

You collected 1733 gold pieces.
You spent 349 gold pieces at shops.

Inventory:

Hand Weapons
 g - a +3 dagger of protection
 m - a +7 quick blade (weapon)
 M - a +5 dagger of venom
Missiles
 v - 5 silver javelins (quivered)
 B - 4 throwing nets
Armour
 e - the +0 pair of boots of Enormous Lucidity {rElec rCorr Str+8}
   (Okawaru gifted it to you on level 8 of the Dungeon)

   Str:       It affects your strength (+8).
   rElec:     It insulates you from electricity.
   rCorr:     It protects you from acid and corrosion.
 j - a +2 helmet (worn)
 x - the +4 ring mail "Wywn" {rN+ Int+4}
   (Okawaru gifted it to you on level 1 of the Lair of Beasts)

   Int:       It affects your intelligence (+4).
   rN:        It protects you from negative energy.
 z - a +0 pair of gloves (worn)
 A - the +2 pair of boots of Rilink (worn) {Regen+ rCorr Str+4 Int+2}
   (You bought it in a shop on level 7 of the Dungeon)

   Str:       It affects your strength (+4).
   Int:       It affects your intelligence (+2).
   Regen:     It increases your rate of health regeneration.
   rCorr:     It protects you from acid and corrosion.
 E - a scarf of resistance (worn)
 G - +0 swamp dragon scales (worn)
Jewellery
 a - an amulet of faith (around neck)
 b - a ring of magical power
 f - a ring of magical power
 k - a +4 ring of protection (left hand)
 l - a ring of see invisible
 p - a +4 ring of slaying (right hand)
 I - a ring of positive energy
 N - a ring of resist corrosion
Wands
 d - a wand of flame (20)
 h - a wand of mindburst (23)
 o - a wand of polymorph (8)
 t - a wand of paralysis (6)
 F - a wand of iceblast (12)
Scrolls
 q - 3 scrolls of immolation
 r - 2 scrolls of fear
 u - 3 scrolls of poison
 w - a scroll of blinking
 y - 3 scrolls of magic mapping
 D - 2 scrolls of teleportation
 H - a scroll of noise
 L - 3 scrolls of identify
Potions
 c - 4 potions of ambrosia
 i - 8 potions of curing
 n - 3 potions of haste
 s - 2 potions of flight
 C - a potion of magic
 J - a potion of resistance {unknown}
 K - 2 potions of berserk rage {unknown}


   Skills:
 + Level 9.2 Fighting
 - Level 11.0 Short Blades
 + Level 7.6 Armour
 + Level 9.4 Dodging
 + Level 10.8 Stealth
 + Level 2.1 Invocations


You had 12 spell levels left.
You didn't know any spells.
Your spell library contained the following spells:

 Spells                   Type           Power      Damage    Failure   Level
 Necrotise                Necr           0%         1d4       43%         1
 Sublimation of Blood     Necr           0%         N/A       58%         2
 Stone Arrow              Conj/Erth      0%         3d7       82%         3
 Vampiric Draining        Necr           0%         2d6       82%         3
 Petrify                  Tmut/Erth      0%         N/A       99%         4
 Agony                    Necr           0%         N/A       100%        5
 Irradiate                Conj/Tmut      0%         3d13      100%        5
 Lehudib's Crystal Spear  Conj/Erth      0%         10d2      100%        8
 Animate Armour           Summ/Erth      Unusable   N/A       N/A         4

Dungeon Overview and Level Annotations

Branches:
Dungeon (10/15)            Temple (1/1) D:4            Lair (4/6) D:10
 Shoals (0/4) Lair:2        Snake (0/4) Lair:2          Orc (0/2) D:9

Altars:
Ashenzari
Cheibriados
Dithmenos
Elyvilon
Fedhas
Gozag
Hepliaklqana
Kikubaaqudgha
Makhleb
Nemelex Xobeh
Okawaru
Qazlal
Ru
Sif Muna
Trog
Uskayaw
Vehumet
Wu Jian
Xom
Yredelemnul
Zin
The Shining One

Shops:
D:4 (   D:7 :*   D:8 !

Annotations:
D:3 1 runed translucent door, Brotato's ghost, weakling OpHu
D:9 1 runed translucent door, kevlar127's ghost, journeyman TrBe


Innate Abilities, Weirdness & Mutations

You have razor-sharp teeth.
Your natural rate of healing is unusually fast.
When hurt, damage is shared between your health and your magic reserves.
Your bite disrupts and absorbs the magic of your enemies.
Potions cannot restore your health.


Message History

Your limbs are stiffening.
The boulder beetle is engulfed in calcifying dust. x2
You have turned to stone.
The catoblepas breathes a plume of calcifying dust at you.
The blast of calcifying dust hits you but does no damage.
The boulder beetle is engulfed in calcifying dust.
You are engulfed in calcifying dust.
The boulder beetle is no longer petrified.
The catoblepas breathes a plume of calcifying dust at you.
The blast of calcifying dust hits you.
The catoblepas gores you but does no damage.
The boulder beetle is engulfed in calcifying dust.
The boulder beetle is moving more slowly.
The boulder beetle leaps!
You are engulfed in calcifying dust.
The catoblepas breathes a plume of calcifying dust at you.
The blast of calcifying dust hits you.
The catoblepas gores you but does no damage.
You are engulfed in calcifying dust.
The catoblepas gores you!! The catoblepas gores you!
The catoblepas gores you but does no damage.
The catoblepas gores you!!
The boulder beetle stops moving altogether!
The catoblepas gores you!!
The catoblepas smashes its foot into the ground.
The catoblepas gores you!!
The catoblepas breathes a plume of calcifying dust at you.
The blast of calcifying dust hits you but does no damage.
The catoblepas breathes a plume of calcifying dust at you.
The blast of calcifying dust hits you but does no damage.
You are engulfed in calcifying dust.
The catoblepas gores you but does no damage. x2
You turn to flesh and can move again.
As you read the scroll of teleportation, it crumbles to dust.
You feel strangely unstable.
You are engulfed in calcifying dust.
The catoblepas completely misses you. The catoblepas barely misses you.
The catoblepas gores you!!
* * * LOW HITPOINT WARNING * * *
The catoblepas gores you!!
You die...

................§...
...................
....###............
.... #............
..... #........$...
.....##B.....P....
......#..........
.......YY.......
.......@§.......
........§.#.#...
........§##.###.
........## #
........# ........#
.......## ......#


You could see 2 catoblepae and a boulder beetle (petrified).

Vanquished Creatures
  Harold (Lair:1)
  A hydra (Lair:3)
  A catoblepas (Lair:2)
  2 two-headed ogres
  Urug (Lair:1)
  Sonja (Lair:1)
  Amaemon (Lair:3)
  A merfolk siren (Lair:2)
  7 black mambas
  An orange demon (Lair:3)
  8 cane toads
  A kobold demonologist (D:10)
  Maggie (Lair:1)
  A rime drake (Lair:1)
  2 komodo dragons (Lair:3)
  A queen bee (Lair:1)
  A polar bear (Lair:2)
  A hornet (Lair:2)
  9 blink frogs (Lair:2)
  Sigmund (D:4)
  2 spriggans (Lair:2)
  A shadow (D:6)
  A wraith (D:8)
  4 wyverns
  13 yaks
  Grum (D:10)
  3 steam dragons
  An acid dragon (D:10)
  11 water moccasins
  Duvessa (D:7)
  3 orc warriors (D:9)
  3 sky beasts
  3 black bears
  An ice beast (D:7)
  2 ogres
  17 wolves
  4 centaurs
  A phantom (D:5)
  7 bullfrogs
  2 necrophages
  9 wights (D:8)
  A gnoll sergeant (D:10)
  Dowan (D:7)
  29 killer bees
  7 electric eels
  2 howler monkeys
  6 hounds
  10 orc priests
  Jessica (D:2)
  Terence (D:2)
  4 iguanas
  5 orc wizards
  Robin (D:3)
  15 gnolls
  6 adders
  2 shadow imps
  An ufetubus (D:4)
  2 dart slugs
  24 orcs
  4 ball pythons
  7 bats
  6 endoplasms
  3 giant cockroaches
  17 goblins
  9 hobgoblins
  6 jackals
  13 kobolds
  2 quokkas (D:3)
  3 frilled lizards
  2 rats (D:3)
323 creatures vanquished.

Vanquished Creatures (others)
  12 fungi
  31 plants
43 creatures vanquished.

Grand Total: 366 creatures vanquished

Notes
Turn   | Place    | Note
-------+----------+-------------------------------------------
     0 | D:1      | coolguy69 the Vine Stalker Monk began the quest for the
                  | Orb.
     0 | D:1      | Reached XP level 1. HP: 11/11 MP: 2/2
    50 | D:1      | Reached XP level 2. HP: 2/16 MP: 1/3
   902 | D:1      | Reached skill level 3 in Short Blades
  1219 | D:2      | Noticed Jessica
  1222 | D:2      | Noticed Terence
  1230 | D:2      | Killed Jessica
  1231 | D:2      | Reached XP level 3. HP: 20/20 MP: 4/4
  1239 | D:2      | Gained mutation: Your natural rate of healing is unusually
                  | fast. [Vine Stalker growth]
  1239 | D:2      | Reached XP level 4. HP: 24/24 MP: 3/5
  1258 | D:2      | HP: 1/24 [Terence/+0 mace (4)]
  1277 | D:2      | Killed Terence
  1477 | D:2      | Found a faded altar of an unknown god.
  1546 | D:2      | You fall into a shaft and drop 1 floor!
  1651 | D:3      | Found a runed translucent door.
  1657 | D:3      | Noticed a bullfrog
  1704 | D:3      | Reached XP level 5. HP: 28/28 MP: 6/6
  1776 | D:3      | Noticed Robin
  1812 | D:3      | Killed Robin
  2386 | D:3      | Noticed Brotato's ghost (weakling OpHu)
  2499 | D:4      | Reached skill level 4 in Short Blades
  2559 | D:4      | Noticed an ogre
  2563 | D:4      | Killed an ogre
  2564 | D:4      | Reached skill level 1 in Armour
  2564 | D:4      | Reached XP level 6. HP: 22/32 MP: 7/7
  2585 | D:4      | Found a staircase to the Ecumenical Temple.
  2664 | Temple   | Entered the Ecumenical Temple
  2758 | Temple   | Became a worshipper of Warmaster Okawaru
  2758 | Temple   | Reached * piety under Okawaru
  2758 | Temple   | Reached ** piety under Okawaru
  3046 | D:4      | Noticed Sigmund
  3047 | D:4      | Found Oqiysh's Weapon Boutique.
  3063 | D:4      | Killed Sigmund
  3064 | D:4      | Reached skill level 5 in Short Blades
  3064 | D:4      | Reached XP level 7. HP: 25/37 MP: 8/8
  3414 | D:5      | Entered Level 5 of the Dungeon
  3443 | D:5      | Reached *** piety under Okawaru
  3687 | D:5      | Gained mutation: You have razor-sharp teeth. [Vine Stalker
                  | growth]
  3687 | D:5      | Reached XP level 8. HP: 14/42 MP: 4/9
  3822 | D:5      | Reached skill level 6 in Short Blades
  4552 | D:6      | Noticed a blizzard demon
  4552 | D:6      | Found a burning altar of Makhleb.
  4597 | D:6      | Found a broken altar of Ashenzari.
  4600 | D:6      | Found a hazy altar of Hepliaklqana.
  4601 | D:6      | Found an ancient bone altar of Kikubaaqudgha.
  4601 | D:6      | Found a shimmering altar of Xom.
  4641 | D:6      | Reached **** piety under Okawaru
  4658 | D:6      | Noticed a shadow
  4736 | D:6      | Killed a shadow
  4753 | D:6      | Reached skill level 7 in Short Blades
  4892 | D:6      | Reached skill level 5 in Fighting
  4916 | D:6      | Noticed a hellwing
  4916 | D:6      | Noticed a ynoxinul
  4946 | D:6      | Reached XP level 9. HP: 47/47 MP: 10/10
  5099 | D:7      | Reached ***** piety under Okawaru
  5145 | D:7      | Reached skill level 8 in Short Blades
  5225 | D:7      | Noticed Duvessa
  5225 | D:7      | Noticed Dowan
  5239 | D:7      | Killed Duvessa
  5241 | D:7      | Killed Dowan
  5251 | D:7      | Found Bic Juq's Book Shoppe.
  5497 | D:7      | Reached skill level 5 in Stealth
  5534 | D:7      | Found Sive's Assorted Antiques.
  5539 | D:7      | Bought a pair of gloves for 112 gold pieces
  5539 | D:7      | Bought a pair of translucent boots for 237 gold pieces
  5539 | D:7      | Identified the +2 pair of boots of Rilink {Regen+ rCorr
                  | Str+4 Int+2} (You bought it in a shop on level 7 of the
                  | Dungeon)
  5631 | D:8      | Identified the +0 pair of boots of Enormous Lucidity {rElec
                  | rCorr Str+8} (Okawaru gifted it to you on level 8 of the
                  | Dungeon)
  5631 | D:8      | Received a gift from Okawaru
  5674 | D:8      | Noticed a two-headed ogre
  5686 | D:8      | Killed a two-headed ogre
  5687 | D:8      | Reached XP level 10. HP: 31/53 MP: 11/11
  5742 | D:8      | Reached skill level 5 in Armour
  5817 | D:8      | Found Axtetzo's Distillery.
  5857 | D:8      | Reached skill level 9 in Short Blades
  5937 | D:8      | Found a flagged portal.
  5947 | D:8      | Reached skill level 5 in Dodging
  6234 | D:9      | Found a runed translucent door.
  6235 | D:9      | Identified the +8 trident "Dawar" {holy, rC+ rN++ Str-3}
  6239 | D:9      | Noticed kevlar127's ghost (journeyman TrBe)
  6249 | D:9      | Found a staircase to the Orcish Mines.
  6427 | D:9      | Noticed a two-headed ogre
  6438 | D:9      | Killed a two-headed ogre
  6805 | D:9      | Identified a scroll of acquirement
  6806 | D:9      | Acquired 1044 gold pieces
  6837 | D:10     | Entered Level 10 of the Dungeon
  6849 | D:10     | Noticed a kobold demonologist
  6864 | D:10     | Killed a kobold demonologist
  6960 | D:10     | Found a staircase to the Lair.
  7062 | D:10     | Received a gift from Okawaru
  7085 | D:10     | Reached skill level 1 in Invocations
  7088 | D:10     | Reached XP level 11. HP: 57/57 MP: 12/12
  7348 | D:10     | Noticed Grum
  7378 | D:10     | Received a gift from Okawaru
  7407 | D:10     | Killed Grum
  7698 | Lair:1   | Entered Level 1 of the Lair of Beasts
  7698 | Lair:1   | Noticed Harold
  7701 | Lair:1   | Killed Harold
  7751 | Lair:1   | Noticed Maggie
  7778 | Lair:1   | Killed Maggie
  7779 | Lair:1   | Reached skill level 10 in Short Blades
  7845 | Lair:1   | Noticed Sonja
  7876 | Lair:1   | Killed Sonja
  7945 | Lair:1   | Reached ****** piety under Okawaru
  8024 | Lair:1   | Identified the +4 ring mail "Wywn" {rN+ Int+4} (Okawaru
                  | gifted it to you on level 1 of the Lair of Beasts)
  8024 | Lair:1   | Received a gift from Okawaru
  8027 | Lair:1   | Noticed Urug
  8050 | Lair:1   | Killed Urug
  8141 | Lair:1   | Reached XP level 12. HP: 63/63 MP: 13/13
  8485 | Lair:1   | Reached skill level 10 in Stealth
  9163 | Lair:2   | Found a staircase to the Snake Pit.
  9244 | Lair:2   | Noticed a catoblepas
  9395 | Lair:2   | Found a frozen archway.
  9441 | Lair:2   | Found a staircase to the Shoals.
  9842 | Lair:2   | Killed a catoblepas
 10776 | Lair:3   | Noticed an eight-headed hydra
 10786 | Lair:3   | Killed an eight-headed hydra
 10786 | Lair:3   | Received a gift from Okawaru
 10787 | Lair:3   | Reached skill level 11 in Short Blades
 10787 | Lair:3   | Reached XP level 13. HP: 35/70 MP: 8/15
 11166 | Lair:3   | Noticed Amaemon
 11182 | Lair:3   | Killed Amaemon
 11774 | Lair:4   | Slain by a catoblepas

Illustrated notes

Levels and vault maps discovered:
D:1:      beargit_arrival_diablo_church, layout_rooms
D:2:      layout_basic, hellmonk_ecumenical_altar_leap_of_faith,
          roderic_roman_lattice, minmay_lizard_pond, uniq_jessica, uniq_terence
D:3:      kennysheep_six_static_rooms, layout_basic, ebering_ghost_sewer_d,
          glass_columns_a, serial_bayou_pond_b, grunt_decor_arrowhead,
          uniq_robin
D:4:      layout_gridville, minmay_temple_entry_enclosed_plants, serial_shops,
          nicolae_shop_bloodbath_and_beyond, uniq_sigmund
D:5:      layout_layer_cave
D:6:      layout_rooms, makhleb_altar_promises_db,
          chequers_temple_overflow_statue_of_worship
D:7:      layout_basic, serial_shops, shop, shop_fountains, uniq_duvessa
D:8:      layout_rooms, enter_bailey_5, serial_shops, shop,
          chequers_serial_rivers_room_b
D:9:      layout_roguey, minmay_orc_entry_temple_small,
          ebering_ghost_funeral_grove
D:10:     layout_roguey, erik_lair_island, uniq_grum
Temple:   minmay_temple_bridge_d
Lair:1:   layout_concentric_octagons, special_room [special_room_bee],
          uniq_sonja, uniq_urug, uniq_maggie, uniq_harold
Lair:2:   layout_loops_ring, minmay_shoals_entry_lonely_mermaid,
          minmay_snake_entry_six_corridors, portal_ice_cave_entry_pillars_2,
          forest_entry_grove, serial_bayou_shore_a
Lair:3:   layout_cave_pods, chequers_serial_rivers_large_a, minivault_23,
          uniq_amaemon
Lair:4:   layout_cave_pods, gauntlet_entry_generic, grunt_megastairs_5,
          lemuel_fruit_fields, infiniplex_staircase_pool

Skill      XL: |  1  2  3  4  5  6  7  8  9 10 11 12 |
---------------+-------------------------------------+-----
Fighting       | 3 4 5 6 7 9 |  9.2
Short Blades   | 3 4 5 7 8 9 10 11 | 11.0
Dodging        | 3 4 5 8 9 |  9.4
Stealth        | 3 4 6 8 9 10 | 10.8
Armour         | 1 2 3 4 5 7 |  7.6
Invocations    | 1 2 |  2.1

Action                   |  1- 3 |  4- 6 |  7- 9 | 10-12 | 13-15 || total
-------------------------+-------+-------+-------+-------+-------++-------
Melee: Short sword       |    38 |       |       |       |       ||    38
       Bite              |    16 |    65 |    98 |   303 |    34 ||   516
       Dagger            |    25 |   217 |   247 |   803 |       ||  1292
       Punch             |     1 |       |     3 |    18 |       ||    22
       Quick blade       |       |       |       |       |    76 ||    76
Invok: Heroism           |       |       |     2 |     7 |       ||     9
  Use: Potion            |       |     5 |     1 |     1 |       ||     7
       Scroll            |       |     2 |    10 |    11 |     3 ||    26
 Stab: Sleeping          |     3 |       |     7 |    14 |     1 ||    25
       Distracted        |       |       |       |       |     1 ||     1
Armor: Robe              |     8 |       |       |       |       ||     8
       Scale mail        |     8 |     9 |       |       |       ||    17
       Chain mail        |       |   105 |    23 |       |       ||   128
       Leather armour    |       |       |    60 |   162 |       ||   222
       Swamp dragon scal |       |       |       |   183 |    29 ||   212
Dodge: Dodged            |    37 |    69 |   105 |   513 |    29 ||   753

Table legend: (Time is in decaauts)
 A = Elapsed time spent in this place.
 B = Non-inter-level travel time spent in this place.
 C = Inter-level travel time spent in this place.
 D = Time resting spent in this place.
 E = Time spent auto-exploring this place.
 F = Levels seen in this place.
 G = Mean time per level.
                   A        B        C        D        E       F      G
               +--------+--------+--------+--------+--------+-----+--------+
         Total |  11224 |  10191 |   1033 |    487 |   7647 |  15 |  748.3 |
       Dungeon |   7621 |   6918 |    703 |    423 |   5129 |  10 |  762.1 |
        Temple |    163 |     65 |     98 |      0 |     61 |   1 |  163.0 |
          Lair |   3438 |   3207 |    231 |     64 |   2457 |   4 |  859.5 |
               +--------+--------+--------+--------+--------+-----+--------+

Top non-repeatable levels by time:
  Lair:2: 1296 daAuts
     D:1: 1290 daAuts
     D:5: 1127 daAuts
  Lair:1: 1103 daAuts
  Lair:3: 1000 daAuts
     D:3: 887 daAuts
     D:4: 848 daAuts
    D:10: 816 daAuts
     D:9: 733 daAuts
     D:7: 582 daAuts
     D:6: 490 daAuts
     D:8: 466 daAuts
     D:2: 378 daAuts
  Temple: 163 daAuts
  Lair:4: 38 daAuts
